 Dungeon Crawl Stone Soup version 0.31-a0-640-g39d97e502b (webtiles) character file.

Game seed: 14751007488877583854

249 avis the Cleaver (level 6, -3/49 (52) HPs)
             Began as a Hill Orc Monk on Aug 27, 2023.
             Slain by a wight
             ... wielding a +4 battleaxe
              (11 damage)
             ... on level 4 of the Dungeon.
             The game lasted 00:12:18 (2704 turns).

avis the Cleaver (Hill Orc Monk)                    Turns: 2704, Time: 00:12:19

HP:   -3/49 (52)    AC:  8    Str: 16    XL:     6   Next: 12%
MP:   6/6           EV:  7    Int: 10    God:
Gold: 45            SH:  0    Dex: 13    Spells: 5/5 levels left

rFire   . . .        a - +0 hand axe
rCold   . . .        d - orb {light}
rNeg    . . .        f - +0 chain mail
rPois   .            (no helmet)
rElec   .            (no cloak)
rCorr   .            (no gloves)
SInv    .            (no boots)
Will    .....        (no amulet) Stlth
                     (no ring)
HPRegen 0.28/turn    (no ring)
MPRegen 0.10/turn

%: no passive effects
@: confused, ambrosia-drunk, glowing, drained
A: no striking features
a: no special abilities


You were on level 4 of the Dungeon.
You visited 1 branch of the dungeon, and saw 4 of its levels.

You collected 171 gold pieces.
You spent 126 gold pieces at shops.

Inventory:

Hand Weapons
 a - a +0 hand axe (weapon)
 b - a +0 sling
 r - a +1 dagger of speed
 u - a +0 morningstar
 z - a +1 dagger of electrocution
 D - a +0 bardiche
 F - a +3 dagger
 G - a +2 dagger
Missiles
 j - 2 poisoned darts
 B - 4 javelins
 C - 14 stones
Armour
 d - an orb of light (worn)
 e - a +0 scale mail
 f - a +0 chain mail (worn)
 n - a +0 robe
Talismans
 y - a serpent talisman
Wands
 q - a wand of flame (16)
 E - a wand of polymorph (6)
Scrolls
 g - a scroll of silence {unknown}
 h - 2 scrolls of blinking {unknown}
 i - 2 scrolls of enchant armour {unknown}
 l - a scroll of fear {unknown}
 p - 3 scrolls of identify {unknown}
 s - 2 scrolls of enchant weapon {unknown}
 t - a scroll of fog {unknown}
 x - a scroll of revelation {unknown}
 A - a scroll of acquirement {unknown}
Potions
 k - 2 potions of resistance {unknown}
 m - 2 potions of curing
 o - a potion of heal wounds {unknown}
 v - a potion of degeneration
 w - a potion of enlightenment


   Skills:
 - Level 4.0 Fighting
 * Level 8.6 Axes
 - Level 2.4 Dodging


You had 5 spell levels left.
You didn't know any spells.
Your spell library contained the following spells:

 Spells                   Type           Power      Damage    Failure   Level
 Apportation              Tloc           0%         N/A       99%         1
 Necrotise                Necr           0%         1d4       99%         1
 Sandblast                Erth           0%         2d4       99%         1
 Summon Small Mammal      Summ           0%         N/A       99%         1
 Passwall                 Tmut/Erth      0%         N/A       100%        2
 Stone Arrow              Conj/Erth      0%         3d7       100%        3


Dungeon Overview and Level Annotations

Branches:
Dungeon (4/15)
 Temple: D:4-7

Altars:

Shops:
D:2 !   D:3 =


Message History

Press: ? - help, Q - select action, (/) - cycle Shift-Dir - straight line, f - wight
Aim: a wight, wielding a +4 battleaxe and wearing a +0 robe (56% to hit)
You shoot a sling bullet.
The sling bullet hits the wight but does no damage.
Fire: b) +0 sling
Press: ? - help, Q - select action, (/) - cycle Shift-Dir - straight line, f/p - wight
Aim: a wight, wielding a +4 battleaxe and wearing a +0 robe (56% to hit)
You shoot a sling bullet. The sling bullet hits the wight.
The wight is lightly damaged.
a - a +0 hand axe (weapon)
The wight barely misses you.
You hit the wight but do no damage.
The wight is lightly damaged.
The wight hits you with a +4 battleaxe!
You hit the wight but do no damage.
The wight is lightly damaged.
The wight hits you with a +4 battleaxe!
You hit the wight.
The wight is moderately damaged.
The wight hits you with a +4 battleaxe!
You hit the wight.
The wight is moderately damaged.
The wight closely misses you.
You hit the wight.
The wight is severely damaged.
The wight hits you with a +4 battleaxe!
* * * LOW HITPOINT WARNING * * *
You feel drained.
* * * LOW HITPOINT WARNING * * *
You hit the wight but do no damage.
The wight is severely damaged.
You barely miss the wight.
The wight is severely damaged.
The wight hits you with a +4 battleaxe!
* * * LOW HITPOINT WARNING * * *
You feel better. The wight hits you with a +4 battleaxe!
* * * LOW HITPOINT WARNING * * *
You are confused.
You feel invigorated. The wight hits you with a +4 battleaxe!
You die...

#...# #...#
#.... #
######...####.#.
................
................
...............#
#z@.####.#
#.[......#
#...###### #..<#
#...### #.....#
#####.# #)# #.#


You could see a wight.

Vanquished Creatures
  2 wights
  Jessica (D:2)
  An orc wizard (D:4)
  3 adders (D:3)
  3 worms
  2 dart slugs
  3 orcs
  2 bats (D:1)
  5 endoplasms
  3 giant cockroaches
  8 goblins
  6 hobgoblins
  2 kobolds (D:2)
  2 quokkas
  2 ball pythons
  A frilled lizard (D:2)
  6 rats
52 creatures vanquished.

Notes
Turn   | Place    | Note
-------+----------+-------------------------------------------
     0 | D:1      | avis the Hill Orc Monk began the quest for the Orb.
     0 | D:1      | Reached XP level 1. HP: 19/19 MP: 1/1
    91 | D:1      | Found a faded altar of an unknown god.
   187 | D:1      | Reached XP level 2. HP: 26/26 MP: 2/2
   454 | D:1      | Reached skill level 5 in Axes
   949 | D:2      | Reached XP level 3. HP: 28/31 MP: 3/3
   950 | D:2      | Noticed Jessica
   970 | D:2      | Killed Jessica
   971 | D:2      | Reached skill level 6 in Axes
  1111 | D:2      | Reached XP level 4. HP: 39/39 MP: 4/4
  1182 | D:2      | Found Cypua's Distillery.
  1590 | D:2      | Bought a potion of degeneration for 14 gold pieces
  1590 | D:2      | Bought a potion of curing for 42 gold pieces
  1590 | D:2      | Bought a potion of enlightenment for 70 gold pieces
  1933 | D:3      | Found Remamo Dyme's Jewellery Shoppe.
  1968 | D:3      | Reached skill level 7 in Axes
  2466 | D:3      | Reached XP level 5. HP: 43/46 MP: 5/5
  2598 | D:4      | Reached skill level 8 in Axes
  2620 | D:4      | Reached XP level 6. HP: 31/51 MP: 6/6
  2704 | D:4      | Slain by a wight

Illustrated notes

Levels and vault maps discovered:
D:1:      lemuel_arrival_rhombus, layout_loops_cross,
          ebering_ecumenical_altar_webs, corexii_item_surrounded_by_moat,
          minmay_misc_feat_iff, minmay_misc_feat_encased
D:2:      minmay_general_purpose_star, layout_basic, serial_shops, shop,
          fountainhead, uniq_jessica
D:3:      layout_basic, serial_shops, nicolae_diamond_shop
D:4:      minmay_evil_eye, layout_loops_cross, minmay_misc_feat_four_crosses,
          nicolae_letterblocks [nicolae_letter_subblock,
          nicolae_letter_subblock, nicolae_letter_subblock,
          nicolae_letter_subblock, nicolae_letter_subblock,
          nicolae_letter_subblock, nicolae_letter_subblock,
          nicolae_letter_subblock, nicolae_letter_subblock,
          nicolae_letter_subblock, nicolae_letter_subblock,
          nicolae_letter_subblock, nicolae_letter_subblock,
          nicolae_letter_subblock, nicolae_letter_subblock,
          nicolae_letter_subblock, nicolae_letter_subblock,
          nicolae_letter_subblock, nicolae_letter_subblock,
          nicolae_letter_subblock, nicolae_letter_subblock,
          nicolae_letter_subblock, nicolae_letter_subblock,
          nicolae_letter_subblock, nicolae_letter_subblock], uniq_edmund

Skill      XL: |  1  2  3  4  5 |
---------------+----------------+-----
Axes           | 5 6 7 8 |  8.6
Fighting       | 4 |  4.0
Dodging        | |  2.4

Action                     |  1- 3 |  4- 6 || total
---------------------------+-------+-------++-------
  Melee: Hand axe          |    57 |   100 ||   157
   Fire: Sling             |    25 |    38 ||    63
    Use: Potion            |       |     2 ||     2
 Armour: Chain mail        |    34 |    38 ||    72
         Robe              |     1 |       ||     1
  Dodge: Dodged            |    21 |    25 ||    46

Table legend: (Time is in decaauts)
 A = Elapsed time spent in this place.
 B = Non-inter-level travel time spent in this place.
 C = Inter-level travel time spent in this place.
 D = Time resting spent in this place.
 E = Time spent auto-exploring this place.
 F = Levels seen in this place.
 G = Mean time per level.
                   A        B        C        D        E       F      G
               +--------+--------+--------+--------+--------+-----+--------+
         Total |   2734 |   2521 |    213 |    460 |   1362 |   4 |  683.5 |
       Dungeon |   2734 |   2521 |    213 |    460 |   1362 |   4 |  683.5 |
               +--------+--------+--------+--------+--------+-----+--------+

Top non-repeatable levels by time:
     D:2: 1027 daAuts
     D:3: 821 daAuts
     D:1: 745 daAuts
     D:4: 138 daAuts
